 Dungeon Crawl Stone Soup version 0.31-a0-986-g5e6e4ef867 (webtiles) character file.

Game seed: 15226838633753985204

574 FakeRyeBread the Cudgeller (level 7, -1/44 HPs)
             Began as a Gargoyle Fighter on Nov 8, 2023.
             Slain by an acid dragon (4 damage)
             ... on level 4 of the Dungeon.
             The game lasted 00:10:32 (3393 turns).

FakeRyeBread the Cudgeller (Gargoyle Fighter)       Turns: 3393, Time: 00:10:33

Health: -1/44      AC: 20    Str: 18    XL:     7   Next: 34%
Magic:  7/7        EV:  7    Int: 10    God:
Gold:   171        SH:  5    Dex:  9    Spells: 6/6 levels left

rFire   + . .        a - +0 flail
rCold   + . .        c - +1 buckler
rNeg    + . .        f - +1 chain mail "Fanaarigo" {Regen+ rCorr Str-4 Stlth+}
rPois   ∞            b - +3 crown of Dyrovepreva {rElec Int+2 SInv}
rElec   +            n - +1 cloak {Will+}
rCorr   +            (no gloves)
SInv    +            (no boots)
Will    ++...        (no amulet) Stlth
                     l - ring of see invisible
HPRegen 1.07/turn    (no ring)
MPRegen 0.10/turn

%: no passive effects
@: mighty, resistant, enlightened, flying, hasted, very quick
A: sickness immunity, AC +4, negative energy resistance 1, electricity
resistance, torment resistance 1, petrification resistance
a: no special abilities


You were on level 4 of the Dungeon.
You visited 1 branch of the dungeon, and saw 5 of its levels.

You collected 865 gold pieces.
You spent 694 gold pieces at shops.

Inventory:

Hand Weapons
 a - a +0 flail (weapon)
Armour
 b - the +3 crown of Dyrovepreva (worn) {rElec Int+2 SInv}
   (You bought it in a shop on level 3 of the Dungeon)

   Int+2:     It affects your intelligence (+2).
   rElec:     It insulates you from electricity.
   SInv:      It lets you see invisible.
 c - a +1 buckler (worn)
 f - the +1 chain mail "Fanaarigo" (worn) {Regen+ rCorr Str-4 Stlth+}
   (You bought it in a shop on level 3 of the Dungeon)

   Str-4:     It affects your strength (-4).
   Regen+:    It increases your rate of health regeneration.
   rCorr:     It protects you from acid and corrosion.
   Stlth+:    It makes you more stealthy.
 n - a +1 cloak of willpower (worn)
Jewellery
 l - a ring of see invisible (left hand)
Wands
 j - a wand of polymorph (3) (quivered)
Scrolls
 h - a scroll of teleportation
Potions
 e - 2 potions of brilliance
 m - a potion of ambrosia {unknown}
 p - a potion of resistance


   Skills:
 + Level 4.9 Fighting
 * Level 5.1 Maces & Flails
 + Level 5.0 Armour
 + Level 5.0 Shields


You had 6 spell levels left.
You didn't know any spells.
Your spell library contained the following spells:

 Spells                   Type           Power      Damage    Failure   Level
 Kiss of Death            Conj/Necr      0%         2d5       99%         1
 Sting                    Tmut/Pois      0%         1d3       99%         1
 Poisonous Vapours        Pois/Air       0%         N/A       99%         2
 Confusing Touch          Hex            0%         N/A       100%        3
 Volatile Blastmotes      Fire/Tloc      0%         2d10      100%        3
 Dispel Undead            Necr           0%         3d6       100%        4
 Fulminant Prism          Conj/Hex       0%         3d5       100%        4
 Iskenderun's Mystic Bla  Conj/Tloc      0%         2d3       100%        4
 Olgreb's Toxic Radiance  Pois           0%         N/A       100%        4


Dungeon Overview and Level Annotations

Branches:
Dungeon (5/15)
 Temple: D:4-7

Altars:
Zin

Shops:
D:1 :   D:3 [

Annotations:
D:4 3 runed translucent doors, Demosthentine's ghost, amateur DsGl; strawberryx3c's ghost, amateur FoFi; zenocrate's ghost, amateur GrIE


Innate Abilities, Weirdness & Mutations

You are immune to sickness and miasma.
Your stone body is resilient. (AC +4)
You are immune to poison.
You resist negative energy. (rN+)
You are resistant to electric shocks. (rElec)
You are resistant to unholy torment.
You are immune to petrification.


Message History

The acid dragon claws you. The ogre hits you with a +0 giant club!
* * * LOW HITPOINT WARNING * * *
You feel better. The acid dragon barely misses you.
You block the acid dragon's attack.
You feel protected. The acid dragon bites you.
The acid dragon claws you but does no damage.
You feel very mighty all of a sudden. The acid dragon spits acid at you.
The splash of acid hits you! You resist.
* * * LOW HITPOINT WARNING * * *
You feel better. The acid dragon bites you.
* * * LOW HITPOINT WARNING * * *
The acid dragon closely misses you.
You sock the acid dragon!
The acid dragon is moderately wounded.
The acid dragon bites you.
* * * LOW HITPOINT WARNING * * *
The acid dragon claws you but does no damage.
You barely miss the acid dragon.
The acid dragon is moderately wounded.
The acid dragon bites you.
* * * LOW HITPOINT WARNING * * *
You block the acid dragon's attack.
You closely miss the acid dragon.
The acid dragon is moderately wounded.
The acid dragon spits acid at you. The splash of acid hits you. You resist.
* * * LOW HITPOINT WARNING * * *
The acid dragon spits acid at you. The splash of acid misses you.
It was a potion of enlightenment.
You feel very buoyant.
You fly up into the air.
The acid dragon bites you but does no damage.
The acid dragon claws you but does no damage.
It was a potion of haste.
You feel yourself speed up. The acid dragon bites you.
You die...

# ### ## ##### ##.# .## ####...#
##..##
..######....(.############....###
...........##[..@...............#
#.......#####..D##......#..#.....
...........##..O.O.........###...
...........##..##..........###...
...........##..#........)...##...
..........###....>..........##...
..........# #................#...
.........####.............##.....
.........# #........##..#####....


You could see an acid dragon (catching breath) and an ogre.

Vanquished Creatures
  Sigmund (D:4)
  A kobold brigand (D:4)
  A hound (D:4)
  A jelly (D:4)
  An orc priest (D:4)
  Crazy Yiuf (D:4)
  An orc wizard (D:4)
  Terence (D:2)
  10 adders
  4 dart slugs
  5 orcs
  5 endoplasms
  3 giant cockroaches
  2 goblins (D:1)
  5 hobgoblins
  18 jackals
  8 kobolds
  A quokka (D:4)
  5 ball pythons
  7 bats
  4 frilled lizards
  7 rats
92 creatures vanquished.

Notes
Turn   | Place    | Note
-------+----------+-------------------------------------------
     0 | D:1      | FakeRyeBread the Gargoyle Fighter began the quest for the
                  | Orb.
     0 | D:1      | Reached XP level 1. HP: 14/14 MP: 1/1
   104 | D:1      | Reached XP level 2. HP: 19/19 MP: 2/2
   330 | D:1      | Found Guawisyr's Vocational Training.
   350 | D:1      | Reached XP level 3. HP: 22/23 MP: 3/3
   712 | D:2      | Reached XP level 4. HP: 26/29 MP: 4/4
   992 | D:2      | Noticed Terence
  1007 | D:2      | Killed Terence
  1099 | D:2      | Reached XP level 5. HP: 33/33 MP: 5/5
  1360 | D:2      | Identified a scroll of acquirement
  1360 | D:2      | Acquired 612 gold pieces
  1534 | D:3      | Found Doxt's Armour Shoppe.
  1618 | D:3      | Bought the +3 crown of Dyrovepreva {rElec Int+2 SInv} for
                  | 496 gold pieces
  1618 | D:3      | Found the +3 crown of Dyrovepreva {rElec Int+2 SInv}
  1618 | D:3      | Bought the +1 chain mail "Fanaarigo" {Regen+ rCorr Str-4
                  | Stlth+} for 198 gold pieces
  2279 | D:4      | Noticed a kobold brigand
  2300 | D:4      | Killed a kobold brigand
  2301 | D:4      | Reached XP level 6. HP: 38/38 MP: 6/6
  2303 | D:4      | Found a glowing silver altar of Zin.
  2303 | D:4      | Noticed an angel
  2774 | D:4      | Noticed Sigmund
  2823 | D:4      | Killed Sigmund
  2824 | D:4      | Reached XP level 7. HP: 44/44 MP: 7/7
  2882 | D:4      | Found a runed translucent door.
  2883 | D:4      | Noticed Crazy Yiuf
  2895 | D:4      | Killed Crazy Yiuf
  2935 | D:4      | Found a runed translucent gate.
  2936 | D:4      | Found a runed translucent gate.
  2936 | D:4      | Found a runed translucent gate.
  2969 | D:4      | Reached skill level 5 in Maces & Flails
  2991 | D:4      | Noticed strawberryx3c's ghost (amateur FoFi)
  2991 | D:4      | Noticed Demosthentine's ghost (amateur DsGl)
  2991 | D:4      | Noticed zenocrate's ghost (amateur GrIE)
  3071 | D:4      | Reached skill level 5 in Armour
  3150 | D:4      | Reached skill level 5 in Shields
  3360 | D:5      | Entered Level 5 of the Dungeon
  3391 | D:4      | HP: 1/44 [acid dragon/splash of acid (5)]
  3393 | D:4      | Slain by an acid dragon

Illustrated notes

Levels and vault maps discovered:
D:1:      minmay_arrival_doors, layout_rooms, minmay_misc_feat_plants,
          nicolae_shop_vocational
D:2:      layout_loops_cross, serial_bayou_pond_a, serial_park_tiny_2,
          dreamdust_mushroom_princess, uniq_terence
D:3:      layout_basic, serial_shops, shop
D:4:      layout_cave_pods, zin_angel, gammafunk_ghost_cemetery,
          uniq_crazy_yiuf_cottage, uniq_sigmund
D:5:      layout_loops_ring, doesnt_xom_only_xom, grunt_decor_one_mirror,
          uniq_blork_the_orc

Skill      XL: |  1  2  3  4  5  6  7 |
---------------+----------------------+-----
Maces & Flails | 3 4 5 |  5.1
Fighting       | 4 |  4.9
Armour         | 4 5 |  5.0
Shields        | 4 5 |  5.0

Action                     |  1- 3 |  4- 6 |  7- 9 || total
---------------------------+-------+-------+-------++-------
  Melee: Flail             |    81 |   223 |    49 ||   353
  Evoke: Wand              |       |       |     3 ||     3
    Use: Scroll            |       |     7 |     1 ||     8
         Potion            |       |       |     6 ||     6
 Armour: Scale mail        |    63 |    44 |       ||   107
         Chain mail        |       |   134 |    75 ||   209
  Dodge: Dodged            |    34 |   103 |    22 ||   159
  Block: Buckler           |    18 |    65 |    15 ||    98

Table legend: (Time is in decaauts)
 A = Elapsed time spent in this place.
 B = Non-inter-level travel time spent in this place.
 C = Inter-level travel time spent in this place.
 D = Time resting spent in this place.
 E = Time spent auto-exploring this place.
 F = Levels seen in this place.
 G = Mean time per level.
                   A        B        C        D        E       F      G
               +--------+--------+--------+--------+--------+-----+--------+
         Total |   3483 |   3158 |    325 |     78 |   2085 |   5 |  696.6 |
       Dungeon |   3483 |   3158 |    325 |     78 |   2085 |   5 |  696.6 |
               +--------+--------+--------+--------+--------+-----+--------+

Top non-repeatable levels by time:
     D:4: 1134 daAuts
     D:2: 1040 daAuts
     D:3: 849 daAuts
     D:1: 451 daAuts
     D:5: 7 daAuts
